 Dungeon Crawl Stone Soup version 0.28.0-45-g0d030f2227 (webtiles) character file.

Game seed: 11698070468392770143

450 seaoflcl the Skirmisher (level 7, -8/61 HPs)
             Began as a Hill Orc Fighter on Apr 24, 2022.
             Mangled by an ogre
             ... wielding a +0 giant club
              (18 damage)
             ... on level 5 of the Dungeon.
             The game lasted 00:07:25 (4429 turns).

seaoflcl the Skirmisher (Hill Orc Fighter)          Turns: 4429, Time: 00:07:25

Health: -8/61      AC: 11    Str: 23    XL:     7   Next: 4%
Magic:  8/8        EV:  6    Int: 14    God:
Gold:   410        SH: 13    Dex: 12    Spells: 8/8 levels left

rFire   . . .      SeeInvis .   a - +2 dagger (vamp)
rCold   . . .      Faith    .   q - +0 tower shield
rNeg    . . .      Spirit   .   y - +0 scale mail
rPois   .          Reflect  .   (no helmet)
rElec   .          Harm     .   k - +0 cloak
rCorr   .          Rampage  .   l - +1 pair of gloves
Will    .....                   z - +0 pair of boots
Stlth   ..........              (no amulet)
HPRegen 0.20/turn               e - +6 ring of intelligence
MPRegen 0.11/turn               (no ring)

@: no status effects
A: talons 1, agile 1, strong 1
a: no special abilities


You were on level 5 of the Dungeon.
You visited 1 branch of the dungeon, and saw 5 of its levels.

You collected 436 gold pieces.
You spent 26 gold pieces at shops.

Inventory:

Hand Weapons
 a - a +2 vampiric dagger (weapon)
 b - a +0 hunting sling
 c - a +2 dagger of holy wrath
 r - a +0 long sword
Missiles
 n - 50 sling bullets
Armour
 k - a +0 cloak (worn)
 l - a +1 pair of gloves (worn)
 q - a +0 tower shield (worn)
 y - a +0 scale mail (worn)
 z - a +0 pair of boots (worn)
Jewellery
 e - a +6 ring of intelligence (left hand)
Wands
 u - a wand of acid (4)
 v - a wand of digging (4)
Scrolls
 g - 2 scrolls of immolation
 h - 2 scrolls of noise {unknown}
 o - 2 scrolls of blinking
 p - a scroll of amnesia {unknown}
 s - 2 scrolls of identify
 w - a scroll of magic mapping {unknown}
 x - a scroll of enchant weapon {unknown}
 B - a scroll of acquirement {unknown}
Potions
 f - 3 potions of attraction
 i - a potion of mutation
 j - 2 potions of curing {unknown}
 m - 2 potions of brilliance {unknown}
 t - a potion of degeneration {unknown}
 A - a potion of resistance {unknown}


   Skills:
 * Level 5.1 Fighting
 * Level 3.9 Long Blades
 + Level 1.0(1.2) Slings
 + Level 1.0(1.2) Throwing
 * Level 4.8 Armour
 * Level 5.0 Shields
 + Level 1.3 Spellcasting


You had 8 spell levels left.
You didn't know any spells.
Your spell library contained the following spells:

 Spells                   Type           Power      Damage    Failure   Level
 Blink                    Tloc           0%         N/A       100%        2
 Lesser Beckoning         Tloc           0%         N/A       100%        3
 Manifold Assault         Tloc           0%         N/A       100%        5
 Summon Forest            Summ/Tloc      0%         N/A       100%        5
 Eringya's Noxious Bog    Tmut/Pois      0%         N/A       100%        6
 Summon Hydra             Summ           0%         N/A       100%        7


Dungeon Overview and Level Annotations

Branches:
Dungeon (5/15)
 Temple: D:4-7

Altars:
Cheibriados
Nemelex Xobeh
Sif Muna
Uskayaw
Vehumet

Shops:
D:5 *


Innate Abilities, Weirdness & Mutations

You have sharp toenails.
You are agile. (Dex +2)
Your muscles are strong. (Str +2)


Message History

You shoot a sling bullet. The sling bullet hits the ogre.
The ogre is lightly wounded.
The ogre struggles against the net. x2
The net rips apart, and the ogre comes free!
Fire: 53 sling bullets
Press: ? - help, Q - select action, (/) - cycle Shift-Dir - straight line, f/p - ogre
Aim: an ogre, wielding a +0 giant club (lightly wounded, 73% to hit)
You shoot a sling bullet. The sling bullet hits the ogre.
The ogre is lightly wounded.
Fire: 52 sling bullets
Press: ? - help, Q - select action, (/) - cycle Shift-Dir - straight line, f/p - ogre
Aim: an ogre, wielding a +0 giant club (lightly wounded, 73% to hit)
You shoot a sling bullet.
The sling bullet hits the ogre but does no damage.
The ogre is lightly wounded.
Fire: 51 sling bullets
Press: ? - help, Q - select action, (/) - cycle Shift-Dir - straight line, f/p - ogre
Aim: an ogre, wielding a +0 giant club (lightly wounded, 73% to hit)
You shoot a sling bullet.
The sling bullet hits the ogre but does no damage.
The ogre is lightly wounded.
You block the ogre's attack.
You feel a sense of dread.
a - a +2 vampiric dagger (weapon)
The ogre hits you with a +0 giant club!
You hit the ogre.
You feel better.
The ogre is moderately wounded.
The ogre hits you with a +0 giant club!!
You hit the ogre.
You feel better.
The ogre is heavily wounded.
The ogre hits you with a +0 giant club!
You barely miss the ogre.
The ogre is heavily wounded.
The ogre hits you with a +0 giant club!!
* * * LOW HITPOINT WARNING * * *
You see here an iguana skeleton.
It was a potion of mutation.
You feel extremely strange.
Your toenails lengthen and sharpen.
You feel stronger.
You feel agile.
The ogre hits you with a +0 giant club!!
You die...

##...# ##.#.###
##.#.##.##
##.#.##.#.##
##.#.##.#.#.##
##.#.##.#.#.#.##
#.#.##.#.###รท#.##
.#.##.#.##.##.#O##
#.##.#.##.#.##.#@##
.##.#.##.#.#.##.#.##
##.#.##.#...#.##.#.##
#.#.##.)..##.#.##.#.#
##.#...#.##.#.##.#.##
.##.#.#.##.#.##O#.##
#.##^#.##.#)##(#.##
.#.##.##.#.##.#.##
#.#.###.#.##(#.##


You could see an ogre.

Vanquished Creatures
  2 scorpions (D:5)
  A water moccasin skeleton (D:5)
  A hound (D:5)
  Jessica (D:2)
  A gnoll shaman (D:4)
  2 iguanas (D:5)
  3 gnolls (D:4)
  5 adders
  A white imp (D:5)
  A worm (D:4)
  2 dart slugs
  6 orcs
  5 ball pythons
  5 bats
  4 endoplasms
  3 giant cockroaches
  4 goblins
  5 hobgoblins
  7 quokkas
  5 frilled lizards
  2 kobolds
  5 rats
71 creatures vanquished.

Vanquished Creatures (others)
  3 plants (D:1)
  A withered plant (D:1)
4 creatures vanquished.

Grand Total: 75 creatures vanquished

Notes
Turn   | Place    | Note
-------+----------+-------------------------------------------
     0 | D:1      | seaoflcl the Hill Orc Fighter began the quest for the Orb.
     0 | D:1      | Reached XP level 1. HP: 19/19 MP: 1/1
    31 | D:1      | Found a faded altar of an unknown god.
   416 | D:1      | Reached XP level 2. HP: 27/27 MP: 2/2
   908 | D:2      | Reached XP level 3. HP: 24/33 MP: 3/3
  1053 | D:2      | Noticed Jessica
  1068 | D:2      | Killed Jessica
  1069 | D:2      | Reached XP level 4. HP: 40/40 MP: 4/4
  1706 | D:3      | Found a radiant altar of Vehumet.
  1815 | D:3      | Found a snail-covered altar of Cheibriados.
  2300 | D:3      | Found a hide-covered altar of Uskayaw.
  2982 | D:4      | Reached XP level 5. HP: 16/47 MP: 4/6
  3176 | D:4      | Found a shimmering blue altar of Sif Muna.
  3402 | D:5      | Entered Level 5 of the Dungeon
  3420 | D:5      | Found a sparkling altar of Nemelex Xobeh.
  3428 | D:5      | Found Napn's General Store.
  3512 | D:5      | Bought a scroll of identify for 26 gold pieces
  3516 | D:5      | Reached skill level 1 in Spellcasting
  3663 | D:5      | Reached XP level 6. HP: 46/53 MP: 7/7
  4067 | D:5      | Reached skill level 5 in Fighting
  4168 | D:5      | Reached skill level 1 in Slings
  4168 | D:5      | Reached skill level 1 in Throwing
  4168 | D:5      | Reached skill level 5 in Shields
  4168 | D:5      | Reached XP level 7. HP: 22/61 MP: 8/8
  4429 | D:5      | Gained mutation: You have sharp toenails. [potion of
                  | mutation]
  4429 | D:5      | Gained mutation: Your muscles are strong. (Str +2) [potion
                  | of mutation]
  4429 | D:5      | Gained mutation: You are agile. (Dex +2) [potion of
                  | mutation]
  4429 | D:5      | Mangled by an ogre

Illustrated notes

Levels and vault maps discovered:
D:1:      dpeg_arrival_tiny_f, layout_rooms,
          shapermc_ecumenical_altar_flowoftime
D:2:      layout_loops_ring, uniq_jessica
D:3:      layout_basic, mainiacjoe_overflow_six_doors_small,
          nicolae_vehumet_altar_sigil, kennysheep_slug_shrine
D:4:      layout_basic, mainiacjoe_overflow_cross_hatched
D:5:      minmay_inner_zag, layout_basic, amcnicky_altar_gilded, serial_shops,
          shop, uniq_edmund

Skill      XL: |  1  2  3  4  5  6 |
---------------+-------------------+-----
Fighting       | 4 5 |  5.1
Shields        | 4 5 |  5.0
Armour         | 4 |  4.8
Long Blades    | 3 |  3.9
Spellcasting   | 1 |  1.3
Slings         | 1 |  1.0
Throwing       | 1 |  1.0

Action                   |  1- 3 |  4- 6 |  7- 9 || total
-------------------------+-------+-------+-------++-------
Melee: Long sword        |    95 |    46 |       ||   141
       Dagger            |       |   223 |     3 ||   226
 Fire: Hunting sling     |       |       |     4 ||     4
Throw: Throwing net      |       |       |     1 ||     1
  Use: Potion            |       |     1 |     1 ||     2
       Scroll            |       |     3 |       ||     3
Armor: Scale mail        |    44 |   129 |       ||   173
Dodge: Dodged            |    42 |    58 |       ||   100
Block: Buckler           |    22 |     4 |       ||    26
       Tower shield      |       |   183 |     1 ||   184
